 Dungeon Crawl Stone Soup version 0.31.0-11-ge490571c62 (webtiles) character file.

Game seed: 6056577939204812274

107 Zirtrex the Magician (level 4, 0/21 HPs)
             Began as a Spriggan Earth Elementalist on Jan 28, 2024.
             Slain by Grinder (7 damage)
             ... while paralysed by Grinder
             ... on level 3 of the Dungeon.
             The game lasted 00:04:42 (2022 turns).

Zirtrex the Magician (Spriggan Earth Elementalist)  Turns: 2022, Time: 00:04:42

Health: 0/21       AC:  2    Str:  4    XL:     4   Next: 57%
Magic:  7/11       EV:  4    Int: 18    God:
Gold:   67         SH:  0    Dex: 15    Spells: 5/12 levels left

rFire   . . .        (weapon restricted)
rCold   . . .        (no shield)
rNeg    . . .        a - +0 robe
rPois   .            (helmet restricted)
rElec   .            (no cloak)
rCorr   .            (gloves unavailable)
SInv    +            (boots unavailable)
Will    .....        (no amulet)
Stlth   ++           (no ring)
HPRegen 0.23/turn    (no ring)
MPRegen 0.12/turn

%: no passive effects
@: paralysed, very quick
A: very small, no large weapons, unfitting armour, see invisible, speed 3
a: no special abilities


You were on level 3 of the Dungeon.
You visited 1 branch of the dungeon, and saw 3 of its levels.

You collected 67 gold pieces.

Inventory:

Armour
 a - a +0 robe (worn)
Scrolls
 e - a scroll of vulnerability {unknown}
 f - a scroll of identify {unknown}
 i - a scroll of poison {unknown}
Potions
 b - a potion of magic
 c - a potion of curing {unknown}
 d - a potion of cancellation {unknown}
 g - a potion of attraction {unknown}
 h - a potion of degeneration {unknown}


   Skills:
 - Level 2.6 Dodging
 - Level 3.0 Stealth
 + Level 4.6 Spellcasting
 - Level 0.6 Conjurations
 + Level 3.9 Earth Magic


You had 5 spell levels left.
You knew the following spells:

 Your Spells              Type           Power      Damage    Failure   Level
a - Sandblast             Erth           36%        2d10      2%          1
b - Passwall              Erth           18%        N/A       9%          3
c - Stone Arrow           Conj/Erth      24%        3d8       16%         3

Your spell library contained the following spells:

 Spells                   Type           Power      Damage    Failure   Level
 Brom's Barrelling Bould  Conj/Erth      12%        2d4       47%         4
 Petrify                  Alch/Erth      11%        N/A       52%         4


Dungeon Overview and Level Annotations

Branches:
Dungeon (3/15)

Altars:
Makhleb

Shops:
D:3 [

Annotations:
D:3 1 transporter, Grinder


Innate Abilities, Weirdness & Mutations

You are very small and have problems with some larger weapons.
You are too small for most types of armour.
You have supernaturally acute eyesight. (SInv)
You cover ground extremely quickly. (Speed+++)


Message History

Casting: Sandblast (safe; 2% risk of failure)
Confirm with . or Enter, or press ? or * to list all spells.
Aiming: Sandblast (safe; 2% risk of failure)
Press: ? - help, Shift-Dir - straight line, f/p - Grinder
Aim: Grinder (lightly wounded, 80% to hit)
The blast of sand hits Grinder!
Grinder is heavily wounded.
Grinder gestures at you. Pain shoots through your body!
Casting: Sandblast (safe; 2% risk of failure)
Confirm with . or Enter, or press ? or * to list all spells.
Aiming: Sandblast (safe; 2% risk of failure)
Press: ? - help, Shift-Dir - straight line, f/p - Grinder
Aim: Grinder (heavily wounded, 80% to hit)
The blast of sand hits Grinder but does no damage.
Grinder is heavily wounded.
Grinder gestures at you. You resist with some effort.
Casting: Sandblast (safe; 2% risk of failure)
Confirm with . or Enter, or press ? or * to list all spells.
Aiming: Sandblast (safe; 2% risk of failure)
Press: ? - help, Shift-Dir - straight line, f/p - Grinder
Aim: Grinder (heavily wounded, 80% to hit)
The blast of sand hits Grinder!
Grinder is severely wounded.
Grinder hits you!
* * * LOW HITPOINT WARNING * * *
You writhe in agony.
* * * LOW HITPOINT WARNING * * *
Casting: Sandblast (safe; 2% risk of failure)
Confirm with . or Enter, or press ? or * to list all spells.
Aiming: Sandblast (safe; 2% risk of failure)
Press: ? - help, Shift-Dir - straight line, f/p - Grinder
Aim: Grinder (severely wounded, 80% to hit)
The blast of sand misses Grinder.
Grinder gestures at you.
You suddenly lose the ability to move!
Grinder hits you but does no damage. Grinder hits you!
You die...
Grinder sighs, "Dead already?
I want a refund."

.#####....### #.#
........### #)######
..####..###### ####......#.
#.......####...........
###########.##...####.##.##
..........#....### .# ..
##########.#......# +#
#.......##...#.##.#
#.#####...>5@...#.# #.#
#..#.#.####.# ###
##..........# #.#.#.###..#
#.#.#.# #..# #.#.#.###..#
_#.#.#.#....#
.##.#.#.#.##.# .8##.#.#.#.#
5#


You could see Grinder.

Vanquished Creatures
  A bombardier beetle (D:3)
  A hound (D:3)
  A ribbon worm (D:2)
  4 endoplasms
  A giant cockroach (D:2)
  7 goblins
  6 hobgoblins
  3 jackals (D:1)
  2 quokkas
  4 ball pythons
  2 bats (D:2)
  A kobold (D:1)
  2 rats
35 creatures vanquished.

Notes
Turn   | Place    | Note
-------+----------+-------------------------------------------
     0 | D:1      | Zirtrex the Spriggan Earth Elementalist began the quest for
                  | the Orb.
     0 | D:1      | Reached XP level 1. HP: 9/9 MP: 5/5
   202 | D:1      | Reached skill level 3 in Spellcasting
   300 | D:1      | Reached XP level 2. HP: 13/13 MP: 5/7
   707 | D:2      | Found a faded altar of an unknown god.
   761 | D:2      | Noticed a scorpion
  1021 | D:2      | Reached XP level 3. HP: 16/16 MP: 1/9
  1582 | D:3      | Noticed Grinder
  1582 | D:3      | Found a transporter.
  1672 | D:2      | Learned a level 3 spell: Passwall
  1676 | D:2      | Learned a level 3 spell: Stone Arrow
  1798 | D:3      | Reached skill level 4 in Spellcasting
  1798 | D:3      | Reached XP level 4. HP: 21/21 MP: 6/11
  1837 | D:3      | Found a burning altar of Makhleb.
  1900 | D:3      | Noticed a steam dragon
  1946 | D:3      | Found Qump's Antique Armour Boutique.
  2021 | D:3      | Paralysed by Grinder for 4 turns
  2022 | D:3      | Slain by Grinder

Illustrated notes

Levels and vault maps discovered:
D:1:      lemuel_arrival_behind_the_door_large, layout_rooms,
          kennysheep_minor_cross
D:2:      layout_basic, hellmonk_ecumenical_altar_zigzags
D:3:      layout_basic, nicolae_overflow_hidden_temple,
          lemuel_coloured_pillars_altar, amcnicky_altar_gilded,
          gammafunk_ghost_arena, serial_shops,
          nicolae_shop_tiny_real_fake_doors, minmay_divided_ellipse, uniq_ijyb,
          uniq_jessica, uniq_grinder

Skill      XL: |  1  2  3 |
---------------+----------+-----
Spellcasting   | 3 4 |  4.6
Earth Magic    | 3 |  3.9
Dodging        | |  2.6
Stealth        | |  3.0
Conjurations   | |  0.6

Action                     |  1- 3 |  4- 6 || total
---------------------------+-------+-------++-------
   Cast: Sandblast         |    60 |    15 ||    75
 Armour: Robe              |     6 |     5 ||    11
  Dodge: Dodged            |    22 |     4 ||    26
